 Dungeon Crawl Stone Soup version 0.19-a0-2-g57af7d0 (webtiles) character file.

245 aurelian the Sneak (level 6, -1/32 HPs)
             Began as a Vine Stalker Monk on Apr 27, 2016.
             Slain by Sigmund
             ... wielding a +0 scythe
              (13 damage)
             ... on level 4 of the Dungeon.
             The game lasted 00:10:24 (3314 turns).

aurelian the Sneak (Vine Stalker Monk)              Turns: 3314, Time: 00:10:25

Health: -1/32      AC:  2    Str: 14    XL:     6   Next: 10%
Magic:  0/7        EV: 13    Int: 10    God:
Gold:   174        SH:  0    Dex: 18    Spells: 0 memorised, 5 levels left

rFire  . . .     SeeInvis .       - Unarmed
rCold  . . .     Gourm    .     j - +0 robe
rNeg   . . .     Faith    .     (no shield)
rPois  .         Spirit   +     (no helmet)
rElec  .         Dismiss  .     (no cloak)
rCorr  .         Reflect  .     (no gloves)
SustAt .         Harm     .     (no boots)
MR     .....                    (no amulet)
Stlth  +++.......               (no ring)
                                u - +2 ring of slaying

@: not resistant to hostile enchantments, fairly stealthy
A: fangs 2, regeneration 2, magic shield, antimagic bite, no device heal 3, rot
immunity
a: no special abilities


You were on level 4 of the Dungeon.
You were not hungry.

You visited 1 branch of the dungeon, and saw 4 of its levels.

You collected 174 gold pieces.

Inventory:

Hand Weapons
 a - a +1 hunting sling
Missiles
 k - 133 stones (quivered)
Armour
 j - a +0 robe (worn)
 o - a +0 shield
Jewellery
 l - a +5 ring of dexterity {unknown}
 u - a +2 ring of slaying (left hand)
Scrolls
 c - 2 scrolls of identify
 e - 3 scrolls of remove curse
Potions
 h - a potion of curing {unknown}
 i - a potion of degeneration {unknown}
 m - a potion of cure mutation
 n - a potion of agility {unknown}
 p - a potion of berserk rage {unknown}
 q - 2 potions of invisibility {unknown}
 r - a potion of haste {unknown}
 s - a potion of mutation {unknown}
 v - a potion of resistance
Comestibles
 b - 2 bread rations
 d - 2 beef jerkies
 f - 9 chunks of flesh
 g - 5 meat rations


   Skills:
 - Level 2.6 Fighting
 - Level 2.4 Dodging
 + Level 6.0 Stealth
 + Level 5.7 Unarmed Combat


You had 5 spell levels left.
You didn't know any spells.

Dungeon Overview and Level Annotations

Branches:
Dungeon (4/15)
 Temple: D:4-7

Altars:

Annotations:
D:4 Sigmund


Innate Abilities, Weirdness & Mutations

You have extremely sharp teeth.
You heal very quickly.
When hurt, damage is shared between your health and your magic reserves.
Your bite disrupts and absorbs the magic of your enemies.
Potions and wands cannot restore your health.
You are immune to rotting.


Message History

You closely miss Sigmund.
Sigmund is moderately wounded.
Sigmund falters for a moment.
You hit Sigmund. Your bite misses Sigmund.
Sigmund is heavily wounded.
Sigmund completely misses you.
You barely miss Sigmund.
Sigmund is heavily wounded.
You hit Sigmund.
Sigmund is severely wounded.
Sigmund hits you with a scythe!
You hit Sigmund. You bite Sigmund, but do no damage.
Sigmund is almost dead.
Sigmund gestures at you while chanting. The magic dart hits you!
You hit Sigmund. You bite Sigmund, but do no damage.
Sigmund is almost dead.
The orc shouts!
Sigmund hits you with a scythe!
You die...

#.#.# #.# #.###.. #.
#.#.# #.# #.....# #.
#.#.# #.# #...... #(.
#.#.# #.# #...... #..
#.#.# #.# #......
#...#.#.# #.# #.##...
#.##..#.#.# #.# #.##...
.oo.......###.####.##...
...##..@##.........#####
##.@##.##.######
#..##.##.# ##....##.#
#.#####.# ... ... ##.
... . ... #...#


You could see Sigmund and 2 orcs.

Vanquished Creatures
  An orc wizard (D:3)
  A worker ant (D:4)
  5 adders
  3 gnolls (D:4)
  A howler monkey skeleton (D:4)
  2 worms (D:2)
  2 dart slugs
  3 giant geckos
  13 orcs
  4 bats (D:2)
  3 giant cockroaches (D:3)
  8 hobgoblins
  6 jackals
  3 quokkas
  5 giant newts
  8 goblins
  6 kobolds
  11 rats
85 creatures vanquished.

Notes
Turn   | Place    | Note
--------------------------------------------------------------
     0 | D:1      | aurelian the Vine Stalker Monk began the quest for the Orb.
     0 | D:1      | Reached XP level 1. HP: 11/11 MP: 2/2
   448 | D:1      | Reached skill level 3 in Stealth
   564 | D:2      | Reached XP level 2. HP: 16/16 MP: 3/3
   787 | D:2      | Reached XP level 3. HP: 17/19 MP: 2/4
   883 | D:2      | Reached skill level 4 in Stealth
  1101 | D:2      | Found a faded altar to an unknown god.
  1194 | D:2      | Reached XP level 4. HP: 18/23 MP: 3/5
  1916 | D:3      | Reached skill level 5 in Stealth
  1992 | D:3      | Reached skill level 5 in Unarmed Combat
  2001 | D:3      | Reached XP level 5. HP: 24/27 MP: 3/6
  3078 | D:4      | Noticed Sigmund
  3251 | D:4      | Reached skill level 6 in Stealth
  3251 | D:4      | Gained mutation: You heal very quickly. [Vine Stalker growth]
  3251 | D:4      | Reached XP level 6. HP: 32/32 MP: 7/7
  3314 | D:4      | Slain by Sigmund

Vault maps used:
D:1:      minmay_arrival_glassed_features
D:2:      first_bread, ecumenical_altar_1
D:3:      minmay_misc_feat_chi, grunt_ministairs_4
D:4:      lemuel_crystal_altar, uniq_sigmund, uniq_blork_the_orc

Skill      XL: |  1  2  3  4  5 |
---------------+----------------+-----
Stealth        | 3 4 5 6 |  6.0
Unarmed Combat | 5 |  5.7
Fighting       | |  2.6
Dodging        | |  2.4

Action                   |  1- 3 |  4- 6 || total
-------------------------+-------+-------++-------
Melee: Unarmed           |    58 |    94 ||   152
       Bite              |    15 |    28 ||    43
       Punch             |     1 |     1 ||     2
 Fire: Hunting sling     |    39 |    69 ||   108
  Use: Scroll            |       |     7 ||     7
       Potion            |       |     1 ||     1
 Stab: Sleeping          |     4 |     3 ||     7
  Eat: Chunk             |     1 |     6 ||     7
Armor: Robe              |     3 |    10 ||    13
Dodge: Dodged            |    39 |    41 ||    80
